 Dungeon Crawl Stone Soup version 0.21-a0-238-geb0acef (webtiles) character file.

276 George the Slasher (level 6, 0/51 HPs)
             Began as a Minotaur Fighter on Sept 3, 2017.
             Slain by a gnoll
             ... wielding a +2 spear of freezing
              (6 damage)
             ... on level 4 of the Dungeon.
             The game lasted 00:04:27 (2888 turns).

George the Slasher (Minotaur Fighter)               Turns: 2888, Time: 00:04:28

Health: 0/51       AC:  9    Str: 22    XL:     6   Next: 4%
Magic:  5/5        EV:  5    Int:  5    God:
Gold:   153        SH:  9    Dex: 10    Spells: 5/5 levels left

rFire    . . .     SeeInvis .   a - +0 long sword
rCold    . . .     Gourm    .   c - +0 shield
rNeg     . . .     Faith    .   o - +0 chain mail
rPois    .         Spirit   .   (helmet restricted)
rElec    .         Reflect  .   (no cloak)
rCorr    .         Harm     .   (no gloves)
MR       .....                  (no boots)
Stlth    ..........             (no amulet)
HPRegen  0.17/turn              (no ring)
MPRegen  0.09/turn              (no ring)

@: no status effects
A: retaliatory headbutt, horns 2
a: no special abilities


You were on level 4 of the Dungeon.
You were not hungry.

You visited 1 branch of the dungeon, and saw 4 of its levels.

You collected 153 gold pieces.

Inventory:

Hand Weapons
 a - a +0 long sword (weapon)
 l - a +1 short sword of speed
Armour
 c - a +0 shield (worn)
 o - a +0 chain mail (worn)
Scrolls
 e - 3 scrolls of noise {unknown}
 g - 3 scrolls of identify {unknown}
 h - 3 scrolls of remove curse {unknown}
 j - 3 scrolls of teleportation {unknown}
 m - 2 scrolls of fear {unknown}
 n - a scroll of enchant weapon {unknown}
 v - a scroll of enchant armour {unknown}
Potions
 d - 2 potions of might
 i - a potion of curing {unknown}
 k - a potion of degeneration {unknown}
 p - a potion of agility {unknown}
 r - a potion of haste {unknown}
 t - a potion of lignification {unknown}
 u - a potion of cancellation {unknown}
Comestibles
 b - 2 royal jellies
 f - 2 bread rations
 q - a meat ration
 s - 4 chunks of flesh


   Skills:
 - Level 3.6 Fighting
 + Level 7.7 Long Blades
 - Level 3.6 Armour
 - Level 3.6 Shields


You had 5 spell levels left.
You didn't know any spells.

Dungeon Overview and Level Annotations

Branches:
Dungeon (4/15)
 Temple: D:4-7

Altars:
Cheibriados
Dithmenos
Qazlal
Trog


Innate Abilities, Weirdness & Mutations

You reflexively headbutt those who attack you in melee.
You have a pair of horns on your head.


Message History

You headbutt the gnoll shaman.
You kill the gnoll shaman!
You have reached level 6!
Your experience leads to an increase in your attributes!
Increase (S)trength, (I)ntelligence, or (D)exterity?
You feel agile.
You hit the gnoll.
The gnoll is lightly wounded.
The gnoll hits you with a club.
* * * LOW HITPOINT WARNING * * *
You block the gnoll's attack.
Your shield and chain mail prevent you from hitting the gnoll.
Your headbutt misses the gnoll. The gnoll hits you but does no damage.
You block the gnoll's attack.
You barely miss the gnoll.
You headbutt the gnoll, but do no damage.
The gnoll barely misses you. The gnoll hits you but does no damage.
Your chain mail prevents you from hitting the gnoll.
The gnoll hits you from afar with a spear of freezing.
You die...

#####......)....[# #.#
.......#.#.##.##.########.#
.#####.#.#.......##.......#
.#####.#.#....##.##.#######
....##.#.#.##.##.#..<#
.##.##.#.#.##..g.....#
.##.##.#.......gg#...#
.......###.# ###g†####
######## #####..@.# ≈
#≈≈≈#.[..# ## #≈#≈#≈#≈...#
≈≈≈≈#≈#≈#≈#≈..†#
#≈w≈≈≈#≈≈≈†..#
#####w#≈#≈...#
≈≈SS≈≈S≈#≈≈≈...#
#r#######≈#....# #≈≈≈..##


You could see 4 gnolls.

Vanquished Creatures
  A gnoll shaman (D:4)
  3 gnolls (D:3)
  9 adders
  3 river rats (D:4)
  3 worms (D:4)
  4 dart slugs
  5 leopard geckos
  4 orcs
  A ball python (D:2)
  7 bats
  6 giant cockroaches
  11 hobgoblins
  4 quokkas
  2 frilled lizards
  6 goblins
  10 kobolds
  12 rats
91 creatures vanquished.

Notes
Turn   | Place    | Note
-------+----------+-------------------------------------------
     0 | D:1      | George the Minotaur Fighter began the quest for the Orb.
     0 | D:1      | Reached XP level 1. HP: 19/19 MP: 0/0
    28 | D:1      | Reached skill level 3 in Long Blades
    69 | D:1      | Reached XP level 2. HP: 13/26 MP: 1/1
   398 | D:1      | Reached skill level 4 in Long Blades
   529 | D:1      | Reached XP level 3. HP: 31/31 MP: 2/2
   794 | D:2      | Found a faded altar of an unknown god.
   812 | D:2      | Reached skill level 5 in Long Blades
   862 | D:2      | Reached XP level 4. HP: 14/39 MP: 3/3
  1395 | D:2      | Found a stormy altar of Qazlal.
  1481 | D:2      | Found a bloodstained altar of Trog.
  1481 | D:2      | Found a snail-covered altar of Cheibriados.
  1978 | D:3      | Reached skill level 6 in Long Blades
  1986 | D:3      | Reached XP level 5. HP: 28/45 MP: 4/4
  2434 | D:4      | Found a shadowy altar of Dithmenos.
  2713 | D:4      | Reached skill level 7 in Long Blades
  2884 | D:4      | Reached XP level 6. HP: 8/51 MP: 5/5
  2888 | D:4      | Slain by a gnoll

Vault maps used:
D:1:      dpeg_arrival_tiny_d
D:2:      gammafunk_temple_overflow_elements, lemuel_coloured_pillars_altar,
          chequers_ecumenical_altar_simple, first_bread, grunt_decor_fettered,
          minmay_misc_feat_tiny
D:4:      nicolae_dithmenos_through_a_glass_darkly, lightli_sewer_entry_pipes

Skill      XL: |  1  2  3  4  5 |
---------------+----------------+-----
Long Blades    | 3 4 5 6 7 |  7.7
Fighting       | |  3.6
Armour         | |  3.6
Shields        | |  3.6

Action                   |  1- 3 |  4- 6 || total
-------------------------+-------+-------++-------
Melee: Long sword        |    91 |   157 ||   248
       Headbutt          |    16 |    25 ||    41
  Eat: Chunk             |       |     7 ||     7
Armor: Scale mail        |    32 |       ||    32
       Chain mail        |     2 |    76 ||    78
Dodge: Dodged            |    20 |    43 ||    63
Block: Shield            |    35 |    67 ||   102
       Rpst.: Long sword |     8 |    13 ||    21

Table legend:
 A = Spawn XP
 B = Non-spawn XP
 C = Spawn XP percentage of total XP
 D = Spawn monster count
 E = Non-spawn monster count
 F = Spawn count percentage of total count
 G = Total turns spent on level
                    A         B        C        D         E        F      G
               +---------+---------+-------+---------+---------+-------+---------
         Total |      63 |     332 |  15.9 |      12 |      79 |  13.2 |  2888
               +---------+---------+-------+---------+---------+-------+---------
           D:1 |      11 |      40 |  21.6 |       5 |      23 |  17.9 |   711
           D:2 |       7 |      63 |  10.0 |       4 |      21 |  16.0 |  1139
           D:3 |       5 |     104 |   4.6 |       2 |      22 |   8.3 |   576
           D:4 |      40 |     125 |  24.2 |       1 |      13 |   7.1 |   462
               +---------+---------+-------+---------+---------+-------+---------
